AoeStats
← JamesNewstedd

Black Forest

509722716Analyzed
4v4 RM · 4d ago on Sep 27, 2026· 49m 16s· 8 players
Game mode
Random Map
Map size
Large (8 player)
Population
200
Speed
Normal
Resources
Standard
Victory
Conquest
Starting age
Dark Age
Ending age
Imperial Age
RankedLock teamsTeams togetherTeam positionsShared explorationLock speedFull tech treeHidden civsTurbo modeCheats
Victory
Defeat
🇨🇴 Vikings · Colombia
1542
+17
🇺🇸 Magyars · United States
1446
+21
🇦🇷 Burmese · Argentina
1444
+21
🇪🇸 Teutons · Spain
1397
+23
🇩🇪 Franks · Germany
1646
-23
🇩🇪 Bengalis · Germany
1569
-21
🇩🇪 Malians · Germany
1527
-19
🇩🇪 Turks · Germany
1508
-19
Erebor.
1:50 Loom
10:40 Feudal Age
11:30 Man-at-Arms
15:27 Fletching
22:14 Castle Age
20:42 Scale Mail Armor
20:53 Town Watch
21:15 Horse Collar
21:43 Gold Mining
21:42 Arson
22:11 Forging
23:30 Wheelbarrow
23:14 Chain Mail Armor
22:48 Gambesons
24:47 Squires
24:45 Long Swordsman
31:56 Iron Casting
36:23 Pikeman
38:42 Bodkin Arrow
41:29 Imperial Age
41:33 Halberdier
42:47 Plate Mail Armor
43:17 Blast Furnace
43:08 Conscription
43:19 Bracer
Deadbeat Dan
10:36 Feudal Age
12:17 Double-Bit Axe
15:14 Castle Age
14:13 Bloodlines
14:40 Scale Barding Armor
14:22 Horse Collar
15:57 Husbandry
19:34 Loom
20:17 Town Watch
20:45 Bow Saw
21:50 Gold Mining
21:44 Light Cavalry
24:24 Chain Barding Armor
28:44 Heavy Plow
29:29 Wheelbarrow
31:23 Hand Cart
35:04 Imperial Age
33:13 Padded Archer Armor
33:04 Fletching
34:29 Gold Shaft Mining
33:47 Stone Mining
34:17 Leather Archer Armor
34:54 Bodkin Arrow
35:38 Ballistics
34:56 Elite Skirmisher
36:18 Ring Archer Armor
36:18 Bracer
37:19 Chemistry
38:28 Two-Man Saw
38:53 Gold Shaft Mining
38:25 Treadmill Crane
39:08 Siege Engineers
39:54 Thumb Ring
40:27 Parthian Tactics
40:53 Plate Barding Armor
42:28 Conscription
42:51 Recurve Bow
43:00 Heavy Cavalry Archer
44:41 Masonry
50:10 Hoardings
49:03 Elite Magyar Huszar
49:49 Corvinian Army
Jhon_Doe
11:31 Feudal Age
15:06 Castle Age
13:49 Double-Bit Axe
13:45 Horse Collar
14:48 Wheelbarrow
17:31 Hand Cart
21:42 Heavy Plow
22:53 Gold Mining
22:57 Stone Mining
24:39 Stone Shaft Mining
25:04 Loom
25:08 Town Watch
29:22 Imperial Age
26:52 Town Patrol
27:07 Bloodlines
27:05 Scale Barding Armor
27:11 Forging
27:06 Arson
27:21 Squires
27:07 Gambesons
26:42 Pikeman
27:31 Scale Mail Armor
28:47 Bow Saw
30:10 Caravan
30:00 Cavalier
31:14 Conscription
30:22 Elite Teutonic Knight
31:30 Paladin
34:58 Two-Man Saw
34:32 Crop Rotation
34:46 Chain Barding Armor
35:02 Iron Casting
37:49 Plate Barding Armor
38:14 Blast Furnace
37:05 Fletching
38:10 Padded Archer Armor
38:57 Crenellations
39:06 Ironclad
39:24 Hoardings
39:38 Elite Skirmisher
39:42 Halberdier
41:16 Bodkin Arrow
41:40 Chain Mail Armor
43:25 Padded Archer Armor
43:55 Plate Mail Armor
46:06 Siege Engineers
47:02 Chemistry
49:15 Masonry
49:16 Fortified Wall
49:27 Ballistics
49:29 Leather Archer Armor
Figue
6:37 Loom
9:14 Feudal Age
9:17 Man-at-Arms
9:49 Double-Bit Axe
13:57 Fletching
15:12 Town Watch
16:08 Arson
16:12 Horse Collar
21:29 Castle Age
19:54 Gold Mining
22:15 Bodkin Arrow
21:41 Crossbowman
22:35 Bow Saw
22:47 Padded Archer Armor
25:55 Leather Archer Armor
26:19 Stone Mining
27:05 Gold Shaft Mining
26:57 Heavy Plow
32:34 Imperial Age
30:18 Treadmill Crane
31:43 Ballistics
31:35 Masonry
31:40 Murder Holes
33:24 Fortified Wall
33:23 Bracer
33:24 Scale Mail Armor
33:25 Squires
32:50 Elite Varangian Guard
34:33 Architecture
34:52 Forging
35:00 Chain Mail Armor
35:36 Ring Archer Armor
36:36 Two-Man Saw
35:49 Elite Skirmisher
37:06 Plate Mail Armor
37:39 Chemistry
36:46 Pikeman
37:47 Devotion
38:48 Iron Casting
38:50 Capped Ram
39:46 Siege Engineers
39:48 Siege Ram
42:43 Coinage
42:15 Caravan
43:22 Conscription
43:10 Chieftains
45:13 Blast Furnace
45:01 Hoardings
46:14 Banking
47:55 Fervor
47:35 Elite Berserk
48:19 Bogsveigar
Öl1ng
10:35 Feudal Age
14:50 Castle Age
13:28 Double-Bit Axe
13:34 Horse Collar
20:43 Wheelbarrow
20:38 Bow Saw
21:18 Loom
21:46 Gold Mining
22:11 Heavy Plow
23:45 Fletching
24:25 Hand Cart
23:56 Town Watch
24:39 Stone Mining
25:25 Gold Shaft Mining
25:56 Bodkin Arrow
26:25 Ballistics
28:56 Imperial Age
27:08 Padded Archer Armor
28:42 Leather Archer Armor
29:02 Elite Elephant Archer
29:43 Bracer
30:50 Chemistry
30:59 Two-Man Saw
31:00 Leather Archer Armor
31:13 Paiks
31:34 Conscription
33:46 Coinage
33:26 Guilds
33:34 Forging
33:29 Scale Barding Armor
34:00 Ring Archer Armor
33:42 Scale Barding Armor
33:47 Forging
34:58 Crop Rotation
35:16 Husbandry
35:26 Bloodlines
36:07 Chain Barding Armor
35:19 Light Cavalry
36:54 Banking
36:31 Caravan
37:41 Iron Casting
JamesNewstedd
0:54 Loom
10:44 Feudal Age
10:52 Man-at-Arms
11:54 Horse Collar
12:02 Double-Bit Axe
14:25 Wheelbarrow
15:34 Stone Mining
15:59 Town Watch
23:28 Castle Age
22:06 Gold Mining
22:28 Fletching
24:31 Bow Saw
24:23 Caravan
25:07 Heavy Plow
31:24 Forging
39:52 Imperial Age
38:50 Hand Cart
40:48 Scale Mail Armor
41:45 Squires
41:32 Arson
42:43 Gold Shaft Mining
42:57 Scale Barding Armor
43:01 Farimba
43:56 Husbandry
43:16 Heavy Camel Rider
44:06 Bloodlines
43:32 Light Cavalry
46:16 Chain Barding Armor
46:31 Iron Casting
46:18 Long Swordsman
47:16 Chain Mail Armor
47:24 Conscription
SvenVonE ツ
11:12 Feudal Age
13:00 Horse Collar
15:22 Castle Age
13:59 Double-Bit Axe
14:51 Loom
16:23 Scale Barding Armor
21:55 Bow Saw
23:22 Padded Archer Armor
24:48 Leather Archer Armor
27:31 Wheelbarrow
37:50 Imperial Age
38:38 Hand Cart
37:52 Elite Janissary
39:29 Ring Archer Armor
38:59 Gold Mining
41:39 Bloodlines
42:48 Chain Barding Armor
43:26 Conscription
43:07 Fletching
45:35 Plate Barding Armor
45:10 Forging
47:44 Iron Casting
Scol1ng
0:33 Loom
11:52 Feudal Age
12:53 Double-Bit Axe
16:38 Castle Age
41:15 Town Watch
42:06 Wheelbarrow
43:11 Husbandry
44:13 Scale Barding Armor
44:18 Forging
44:35 Fletching
45:56 Chain Barding Armor
Connection lost

Rejoining the realm…

Still unreachable

The connection could not be restored.

Session expired

The server has moved on; the page needs a fresh start.